 Dungeon Crawl Stone Soup version 0.19.0-2-gae57169 (webtiles) character file.

110 LORDOFBUTT the Covert (level 4, 0/22 HPs)
             Began as a Spriggan Assassin on Nov 5, 2016.
             Slain by Natasha (2 damage)
             ... on level 2 of the Dungeon.
             The game lasted 00:01:39 (1422 turns).

LORDOFBUTT the Covert (Spriggan Assassin)           Turns: 1422, Time: 00:01:40

Health: 0/22       AC:  3    Str:  7    XL:     4   Next: 61%
Magic:  5/5        EV: 17    Int: 12    God:
Gold:   71         SH:  0    Dex: 18    Spells: 0 memorised, 3 levels left

rFire  . . .     SeeInvis +     a - +2 dagger
rCold  . . .     Gourm    .     c - +0 robe
rNeg   . . .     Faith    .     (shield restricted)
rPois  .         Spirit   .     (helmet restricted)
rElec  .         Reflect  .     d - +0 cloak
rCorr  .         Harm     .     (gloves unavailable)
MR     .....                    (boots unavailable)
Stlth  ++++......               (no amulet)
                                (no ring)
                                (no ring)

@: very quick
A: unfitting armour, see invisible, herbivore 3, speed 3, slow metabolism 2
a: no special abilities


You were on level 2 of the Dungeon.
You were not hungry.

You visited 1 branch of the dungeon, and saw 2 of its levels.

You collected 71 gold pieces.

Inventory:

Hand Weapons
 a - a +2 dagger (weapon)
 b - a +0 blowgun
Missiles
 e - 8 poisoned needles
 f - a curare-tipped needle
Armour
 c - a +0 robe (worn)
 d - a +0 cloak (worn)
Scrolls
 h - 2 scrolls of enchant weapon {unknown}
 i - 3 scrolls of remove curse {unknown}
 k - a scroll of teleportation {unknown}
 l - a scroll of amnesia {unknown}
 m - a scroll of fog {unknown}
 o - 2 scrolls of identify {unknown}
Potions
 j - a potion of heal wounds {unknown}
 n - a potion of brilliance {unknown}
 p - a potion of curing {unknown}
Comestibles
 g - a bread ration


   Skills:
 - Level 1.5 Fighting
 - Level 2.1 Short Blades
 - Level 2.0 Throwing
 - Level 1.7 Dodging
 + Level 9.1 Stealth


You had 3 spell levels left.
You didn't know any spells.

Dungeon Overview and Level Annotations

Branches:
Dungeon (2/15)

Altars:
Uskayaw

Annotations:
D:2 Natasha


Innate Abilities, Weirdness & Mutations

You are very small and have problems with some larger weapons.
You are too small for most types of armour.
You have supernaturally acute eyesight. (SInv)
You are a herbivore.
You cover ground extremely quickly.
You need consume almost no food.


Message History

Natasha misses you.
You closely miss Natasha.
Natasha is severely wounded.
Natasha mumbles some strange words.
You barely miss Natasha.
Natasha is severely wounded.
You hit Natasha.
Natasha is severely wounded.
Natasha stares at you and mumbles some strange words.
The magic dart hits you!
Ouch! That really hurt!
* * * LOW HITPOINT WARNING * * *
You are too injured to fight recklessly!
You are too injured to fight recklessly!
You are too injured to fight recklessly!
You hit Natasha but do no damage.
Natasha is severely wounded.
Natasha mewls in sadness.
Natasha claws you.
You die...

.##########.# #.#.#.####
..).......#.# #.# #.#.#.#...
.########.#.# #.# #.#.#.#.##
........).#.# #.# ###.#.#.....
###########.####.# #.....#.#.#.
..............##.# #.#.#...#.#.
###########.#.##5# #.#.#.#.#.#†
#...#.##h# #.#†#...(.#.
#########.###.##@# #.#.#.....#.
..........# #.##.# #.#.#...)###
...##########.##.# #.#.#....#≈≈
...+....<........# #.#.#....#≈≈
#..##########.##.## #.#.#....#≈.
..)# #.##..####.#.#....'.. #..#
#.#........#.#....#≈. ####
#.###.######.#.#'##≈≈
#############............#.#..#≈≈


You could see Natasha and a crimson imp.

Vanquished Creatures
  Natasha (twice) (D:2)
  4 adders (D:2)
  A worm (D:2)
  2 leopard geckos
  A giant cockroach (D:2)
  5 goblins
  A hobgoblin (D:2)
  5 kobolds
  3 bats
  2 frilled lizards
  2 rats
28 creatures vanquished.

Notes
Turn   | Place    | Note
-------+----------+-------------------------------------------
     0 | D:1      | LORDOFBUTT the Spriggan Assassin began the quest for the Orb.
     0 | D:1      | Reached XP level 1. HP: 10/10 MP: 2/2
     8 | D:1      | Reached skill level 6 in Stealth
   417 | D:1      | Reached XP level 2. HP: 14/14 MP: 3/3
   847 | D:2      | Noticed Natasha
   854 | D:2      | Killed Natasha
   854 | D:2      | Reached skill level 7 in Stealth
   854 | D:2      | Reached XP level 3. HP: 18/18 MP: 4/4
   967 | D:2      | Reached skill level 8 in Stealth
  1223 | D:2      | Found a hide-covered altar of Uskayaw.
  1231 | D:2      | Reached XP level 4. HP: 22/22 MP: 5/5
  1253 | D:2      | Noticed Natasha
  1262 | D:2      | Killed Natasha
  1276 | D:2      | Reached skill level 9 in Stealth
  1406 | D:2      | Noticed Natasha
  1421 | D:2      | HP: 1/22 [Natasha/magic dart (11)]
  1422 | D:2      | Slain by Natasha

Skill      XL: |  1  2  3  4 |
---------------+-------------+-----
Stealth        | 6 7 8 9 |  9.1
Fighting       | |  1.5
Short Blades   | |  2.1
Throwing       | |  2.0
Dodging        | |  1.7

Action                   |  1- 3 |  4- 6 || total
-------------------------+-------+-------++-------
Melee: Dagger            |    50 |    19 ||    69
 Fire: Blowgun           |     5 |     3 ||     8
 Stab: Sleeping          |    13 |     1 ||    14
       Distracted        |     1 |       ||     1
Armor: Robe              |     5 |     2 ||     7
Dodge: Dodged            |    39 |    10 ||    49
